 Dungeon Crawl Stone Soup version 0.20.0-15-g7f486f2 (webtiles) character file.

76 Zwobot the Ruffian (level 4, -1/39 HPs)
             Began as a Troll Earth Elementalist on June 11, 2017.
             Slain by a gnoll
             ... wielding a +0 spear
              (5 damage)
             ... on level 2 of the Dungeon.
             The game lasted 00:02:35 (1483 turns).

Zwobot the Ruffian (Troll Earth Elementalist)       Turns: 1483, Time: 00:02:35

Health: -1/39      AC:  5    Str: 16    XL:     4   Next: 12%
Magic:  4/4        EV: 10    Int: 12    God:
Gold:   176        SH:  0    Dex: 10    Spells: 4/5 levels left

rFire    . . .     SeeInvis .     - Unarmed
rCold    . . .     Gourm    +   (no shield)
rNeg     . . .     Faith    +   c - +0 robe
rPois    +         Spirit   .   (helmet restricted)
rElec    .         Reflect  .   (no cloak)
rCorr    .         Harm     .   (gloves unavailable)
MR       .....                  (boots unavailable)
Stlth    +.........             p - amulet of faith
Regen    0.6/turn               q - ring of poison resistance
MPRegen  0.1/turn               (no ring)

@: no status effects
A: unfitting armour, claws 3, fast metabolism 3, gourmand, regeneration 1,
shaggy fur 1, tough skin 2
a: no special abilities


You were on level 2 of the Dungeon.
You were completely stuffed.

You visited 1 branch of the dungeon, and saw 2 of its levels.

You collected 176 gold pieces.

Inventory:

Missiles
 b - 37 stones (quivered)
 u - 5 tomahawks
Armour
 c - a +0 robe (worn)
Jewellery
 p - an amulet of faith (around neck)
 q - a ring of poison resistance (left claw)
Scrolls
 a - a scroll of enchant armour {unknown}
 g - a scroll of remove curse {unknown}
 h - 2 scrolls of teleportation {unknown}
 k - 5 scrolls of identify {unknown}
 o - 2 scrolls of enchant weapon {unknown}
 t - a scroll of blinking {unknown}
Potions
 f - a potion of agility {unknown}
 i - 2 potions of might {unknown}
 j - a potion of curing {unknown}
 m - a potion of mutation {unknown}
 n - a potion of resistance {unknown}
 r - a potion of berserk rage {unknown}
 s - a potion of brilliance {unknown}
Books
 e - a book of Geomancy

   Spells                             Type                      Level
   a - Sandblast                      Earth                        1
   b - Passwall                       Transmutation/Earth          2
   c - Stone Arrow                    Conjuration/Earth            3
   d - Petrify                        Transmutation/Earth          4
   e - Lee's Rapid Deconstruction     Earth                        5
Comestibles
 d - 4 bread rations
 l - 3 meat rations
 v - 3 chunks of flesh


   Skills:
 - Level 1.5 Dodging
 - Level 1.0 Stealth
 * Level 3.8 Unarmed Combat
 - Level 1.2 Spellcasting
   Level 0.6 Transmutations
 - Level 2.6 Earth Magic


You had 4 spell levels left.
You knew the following spells:

 Your Spells              Type           Power        Failure   Level  Hunger
a - Sandblast             Erth           #.....       10%         1    ##.....


Dungeon Overview and Level Annotations

Branches:
Dungeon (2/15)

Altars:


Innate Abilities, Weirdness & Mutations

You are too large for most types of armour.
You have claws for hands.
Your metabolism is lightning-fast.
You like to eat raw meat.
Your natural rate of healing is unusually fast.
You are covered in fur. (AC +1)
You have very tough skin. (AC +2)


Message History

The gnoll is almost dead.
The gnoll hits you with a spear.
You scratch the gnoll but do no damage.
The gnoll is almost dead.
The gnoll hits you but does no damage.
You barely miss the gnoll.
The gnoll is almost dead.
The gnoll hits you but does no damage.
You closely miss the gnoll.
The gnoll is almost dead.
The gnoll hits you with a spear!
* * * LOW HITPOINT WARNING * * *
You scratch the gnoll but do no damage.
The gnoll is almost dead.
The gnoll hits you with a spear.
* * * LOW HITPOINT WARNING * * *
You closely miss the gnoll.
The gnoll is almost dead.
The gnoll hits you with a spear.
You die...

### #.# # #.# #.. #.#
#.####### #.# #.......# #.#
#.......# #(##### #.......#
#.....#
####.......#########.#####.#
..##.#..........@g...# #.#
....)..>.....#############.#
...#.#......#)..........<#.#
##.#.#......#)############.##
#.#.#......#.# #....#
##+#.#.####.#.####### #.####
.....#.# #.#.......# #.#
.....#.####.#######.# #.#
.....#.........# #.# #.#


You could see a gnoll.

Vanquished Creatures
  An adder (D:2)
  2 gnolls (D:2)
  An ooze (D:2)
  A worm (D:2)
  A dart slug (D:1)
  2 leopard geckos (D:2)
  3 bats (D:2)
  2 giant cockroaches (D:1)
  3 goblins
  4 hobgoblins
  3 jackals (D:1)
  3 kobolds
  10 rats
36 creatures vanquished.

Notes
Turn   | Place    | Note
-------+----------+-------------------------------------------
     0 | D:1      | Zwobot the Troll Earth Elementalist began the quest for the Orb.
     0 | D:1      | Reached XP level 1. HP: 16/16 MP: 1/1
   120 | D:1      | Reached skill level 1 in Unarmed Combat
   144 | D:1      | Reached XP level 2. HP: 21/24 MP: 2/2
   215 | D:1      | Reached skill level 2 in Unarmed Combat
   895 | D:2      | Reached XP level 3. HP: 31/31 MP: 3/3
  1243 | D:2      | Reached skill level 3 in Unarmed Combat
  1449 | D:2      | Reached XP level 4. HP: 18/39 MP: 4/4
  1483 | D:2      | Slain by a gnoll

Skill      XL: |  1  2  3 |
---------------+----------+-----
Unarmed Combat | 1 2 3 |  3.8
Dodging        | |  1.5
Stealth        | |  1.0
Spellcasting   | |  1.2
Transmutations | |  0.6
Earth Magic    | |  2.6

Action                   |  1- 3 |  4- 6 || total
-------------------------+-------+-------++-------
Melee: Unarmed           |    87 |    14 ||   101
 Stab: Sleeping          |     6 |       ||     6
  Eat: Chunk             |    18 |     1 ||    19
Armor: Robe              |    32 |     3 ||    35
Dodge: Dodged            |    43 |     3 ||    46
